[Event "ICC tourney 2467 (30 10)"]
[Site "Internet Chess Club"]
[Date "2021.03.21"]
[Round "2"]
[White "HEBDEN, MARK L:mhebden"]
[Black "YE, LUKE SICONG:lukeye"]
[Result "1-0"]
[ICCResult "Black resigns"]
[WhiteElo "2503"]
[BlackElo "2059"]
[Opening "QGD: 6.Nf3"]
[ECO "D55"]
[NIC "QP.06"]
[Time "13:01:29"]
[PlyCount "109"]
[TimeControl "1800+10"]

1. d4 Nf6 2. Nf3 d5 3. c4 e6 4. Bg5 Be7 5. e3 O-O 6. Nc3 c6 7. Rc1 a6 8.
Bd3 Nbd7 9. O-O dxc4 10. Bxc4 b5 11. Bd3 Bb7 12. a4 Qb6 13. Ne5 Rad8 14.
Nxd7 Rxd7 15. Bxf6 Bxf6 16. Ne4 Be7 17. Nc5 Bxc5 18. Rxc5 Rd5 19. Qc2 f5
20. b4 Rxc5 21. bxc5 Qd8 22. f4 Qd5 23. Be2 Rc8 24. Rc1 Kf8 25. Qc3 Qa2 26.
Bd1 Qd5 27. Bf3 Qd7 28. g4 Qf7 29. Kh1 g6 30. Ra1 Kg8 31. g5 h6 32. gxh6
Kh7 33. axb5 axb5 34. Ra7 Ra8 35. Qa5 Rxa7 36. Qxa7 Qc7 37. Bd1 Kxh6 38.
Bb3 Kh5 39. Kg2 Qd7 40. Qb8 Bc8 41. Qe5 Qh7 42. Qf6 Kh6 43. Bxe6 Bxe6 44.
Qxe6 Qb7 45. d5 cxd5 46. c6 Qa7 47. Qe5 Qa2+ 48. Kg3 Kh7 49. Qe7+ Kh6 50.
Qe5 Kh7 51. Kh4 Qg2 52. Qe7+ Kg8 53. h3 Qe2 54. c7 Qh5+ 55. Kg3 { Black
resigns } 1-0

[Event "ICC tourney 2467 (30 10)"]
[Site "Internet Chess Club"]
[Date "2021.03.21"]
[Round "2"]
[White "POWER, SEAN KEE:KnightHopper"]
[Black "CARTER, DAVID E:CARTERD253"]
[Result "1/2-1/2"]
[ICCResult "Game drawn by mutual agreement"]
[WhiteElo "2012"]
[BlackElo "2137"]
[Opening "Scotch: Horwitz attack"]
[ECO "C45"]
[NIC "SO.04"]
[Time "13:01:34"]
[PlyCount "131"]
[TimeControl "1800+10"]

1. e4 e5 2. Nf3 Nc6 3. d4 exd4 4. Nxd4 Qh4 5. Nb5 Bc5 6. Qe2 Bb6 7. Be3 a6
8. Bxb6 axb5 9. Bxc7 Nf6 10. Nd2 O-O 11. g3 Qg5 12. Qxb5 d5 13. Bf4 Qg6 14.
Bg2 Ra5 15. Qb3 dxe4 16. c3 h5 17. Nc4 Be6 18. Qxb7 Bxc4 19. Qxc6 Bd3 20.
Bf1 Re8 21. Be3 Qg4 22. Bxd3 exd3 23. O-O h4 24. b4 hxg3 25. hxg3 Rd5 26.
c4 Rc8 27. Qxc8+ Qxc8 28. cxd5 Nxd5 29. b5 Nxe3 30. fxe3 Qg4 31. Kg2 Qe2+
32. Rf2 Qxe3 33. Rb1 Qe4+ 34. Kh2 Qd5 35. b6 d2 36. b7 Qxb7 37. Rxb7 d1=Q
38. Rbxf7 Qh5+ 39. Kg2 Qd5+ 40. R7f3 g5 41. Kg1 Kg7 42. a3 Kg6 43. Kh2 Kh5
44. a4 Kg4 45. Rf5 Qc6 46. a5 Qh6+ 47. Kg1 Qd6 48. Rf6 Qd1+ 49. Kh2 Qd3 50.
a6 Qxg3+ 51. Kh1 Qh3+ 52. Kg1 Qe3 53. Rf7 Qe1+ 54. Kg2 Qe4+ 55. R7f3 Kh4
56. Kh2 Qe5+ 57. Kg1 Qa5 58. Rf6 Qe1+ 59. Kh2 Qe5+ 60. Kg1 Qe1+ 61. Kh2
Qe5+ 62. Kh1 Qe1+ 63. Rf1 Qe4+ 64. Kg1 Qd4+ 65. R6f2 g4 66. Kg2 { Game
drawn by mutual agreement } 1/2-1/2

[Event "ICC tourney 2467 (30 10)"]
[Site "Internet Chess Club"]
[Date "2021.03.21"]
[Round "3"]
[White "OPASKA, MICHAEL:mopaska1106"]
[Black "KERR, JOSHUA MORGAN:AbleCompany"]
[Result "0-1"]
[ICCResult "White resigns"]
[WhiteElo "1945"]
[BlackElo "1673"]
[Opening "King's Indian: Torre attack"]
[ECO "A48"]
[NIC "QP.01"]
[Time "15:02:47"]
[PlyCount "40"]
[TimeControl "1800+10"]

1. d4 Nf6 2. Nf3 g6 3. Bg5 Bg7 4. Nbd2 d5 5. c3 O-O 6. e3 c5 7. Bd3 cxd4 8.
exd4 Nc6 9. O-O Bg4 10. h3 Bxf3 11. Nxf3 h6 12. Bf4 Ne4 13. Re1 f5 14. Bh2
Qb6 15. Rb1 Rac8 16. Nh4 Na5 17. f3 Bxd4+ 18. cxd4 Qxd4+ 19. Kh1 Nf2+ 20.
Kg1 Nxd1+ { White resigns } 0-1

[Event "ICC tourney 2467 (30 10)"]
[Site "Internet Chess Club"]
[Date "2021.03.21"]
[Round "3"]
[White "VAKHIDOV, JAKHONGIR:TjkTiger"]
[Black "HEBDEN, MARK L:mhebden"]
[Result "1/2-1/2"]
[ICCResult "Game drawn by mutual agreement"]
[WhiteElo "2610"]
[BlackElo "2503"]
[Opening "King's Indian: fianchetto, Yugoslav system"]
[ECO "A62"]
[NIC "BI.23"]
[Time "15:02:43"]
[PlyCount "38"]
[TimeControl "1800+10"]

1. c4 g6 2. Nc3 Bg7 3. Nf3 d6 4. d4 Nf6 5. g3 O-O 6. Bg2 c5 7. d5 e6 8. O-O
exd5 9. cxd5 Re8 10. Re1 a6 11. a4 Nbd7 12. Qc2 Ng4 13. h3 Nge5 14. Nd2 f5
15. f4 Nf7 16. b3 Rb8 17. Bb2 b5 18. axb5 axb5 19. e4 Nf6 { Game drawn by
mutual agreement } 1/2-1/2

[Event "ICC tourney 2467 (30 10)"]
[Site "Internet Chess Club"]
[Date "2021.03.21"]
[Round "3"]
[White "YANG, KAIQI:YKQ"]
[Black "POWER, SEAN KEE:KnightHopper"]
[Result "1-0"]
[ICCResult "Black checkmated"]
[WhiteElo "2531"]
[BlackElo "2012"]
[Opening "Scandinavian defense"]
[ECO "B01"]
[NIC "SD.03"]
[Time "15:02:30"]
[PlyCount "41"]
[TimeControl "1800+10"]

1. e4 d5 2. exd5 Nf6 3. Nf3 Bg4 4. Bb5+ Nbd7 5. h3 Bh5 6. c4 a6 7. Ba4 b5
8. cxb5 Nxd5 9. Nc3 N5b6 10. bxa6 Rxa6 11. Bb5 Ra7 12. g4 Bg6 13. Ne5 Qa8
14. Bc6 Qc8 15. d3 f6 16. Nxg6 hxg6 17. Qb3 e5 18. Be3 Be7 19. Qe6 Kd8 20.
Qf7 Nf8 21. Qe8# { Black checkmated } 1-0

[Event "ICC tourney 2467 (30 10)"]
[Site "Internet Chess Club"]
[Date "2021.03.21"]
[Round "3"]
[White "GUO, YU HAN (VERONICA):VeronicaG"]
[Black "DENG, HENRY:SuperPuzzler"]
[Result "0-1"]
[ICCResult "White checkmated"]
[WhiteElo "1828"]
[BlackElo "2049"]
[Opening "Queen's pawn: London system"]
[ECO "A45"]
[NIC "QP.07"]
[Time "15:02:30"]
[PlyCount "66"]
[TimeControl "1800+10"]

1. d4 Nf6 2. Bf4 g6 3. Nc3 d5 4. e3 Bg7 5. h4 h5 6. Nf3 O-O 7. Be2 c5 8.
dxc5 Qa5 9. Qd2 Qxc5 10. O-O-O e6 11. Nb5 Ne4 12. Qe1 Nc6 13. Kb1 a6 14.
Nbd4 Bd7 15. Nxc6 bxc6 16. Ne5 Rfb8 17. Kc1 Qb6 18. b3 Qc5 19. Rd4 Qa3+ 20.
Kb1 c5 21. Rxe4 dxe4 22. Nc4 Qb4 23. Bxb8 Qxb8 24. Qa5 Bb5 25. Rd1 Qh2 26.
a4 Bxc4 27. Bxc4 Qxh4 28. Qxc5 Qxf2 29. Qc6 Ra7 30. Qxe4 Rd7 31. Rf1 Qxf1+
32. Bxf1 Rd1+ 33. Ka2 Ra1# { White checkmated } 0-1

[Event "ICC tourney 2467 (30 10)"]
[Site "Internet Chess Club"]
[Date "2021.03.21"]
[Round "3"]
[White "CARTER, DAVID E:CARTERD253"]
[Black "Massick, Laine:Laine23"]
[Result "1/2-1/2"]
[ICCResult "Game drawn by mutual agreement"]
[WhiteElo "2137"]
[BlackElo "1935"]
[Opening "Nimzo-Indian: Reshevsky variation"]
[ECO "E46"]
[NIC "NI.10"]
[Time "15:02:31"]
[PlyCount "120"]
[TimeControl "1800+10"]

1. d4 Nf6 2. c4 e6 3. Nc3 Bb4 4. e3 O-O 5. Ne2 d5 6. a3 Bxc3+ 7. Nxc3 b6 8.
cxd5 exd5 9. Bd3 c5 10. O-O Re8 11. f3 Nc6 12. Ne2 Bb7 13. Bd2 Rc8 14. Rc1
Qd6 15. Bf5 Rcd8 16. Qc2 cxd4 17. Nxd4 Nxd4 18. exd4 g6 19. Bh3 Nh5 20. Qc7
Ba6 21. Qxd6 Rxd6 22. Rfe1 Rxe1+ 23. Rxe1 Bb5 24. Re7 a5 25. g4 Ng7 26. Bf4
Rd7 27. Rxd7 Bxd7 28. Bc7 a4 29. Bxb6 f5 30. gxf5 Bxf5 31. Bf1 Kf7 32. Kf2
Ke6 33. Ke3 Bc2 34. Kd2 Bb3 35. Kc3 Nf5 36. Bc7 Ne3 37. Bh3+ Ke7 38. Kd2
Nc4+ 39. Kc1 Kf6 40. Bf4 h5 41. Bd7 g5 42. Bd2 Ke7 43. Bc6 Kf6 44. Bd7 h4
45. Bc6 Kf5 46. Bd7+ Kf6 47. h3 Kg6 48. Be6 Kf6 49. Bg8 Kg7 50. Be6 Kf6 51.
Bc8 Kg6 52. Bb7 Kf6 53. Bb4 Ke6 54. Bc8+ Kf6 55. Bg4 Ne3 56. Bd7 Nc4 57.
Bd2 Kg6 58. Bc6 Kf6 59. Ba8 Kg6 60. Bc6 Kf6 { Game drawn by mutual
agreement } 1/2-1/2

[Event "ICC tourney 2467 (30 10)"]
[Site "Internet Chess Club"]
[Date "2021.03.21"]
[Round "3"]
[White "KHAN, SAMI SHARAF:sami786"]
[Black "MUVVA, ABHINAV:Siritnt"]
[Result "1-0"]
[ICCResult "Black forfeits on time"]
[WhiteElo "1014"]
[BlackElo "907"]
[Opening "QGD: exchange, positional line"]
[ECO "D35"]
[NIC "QO.16"]
[Time "15:02:32"]
[PlyCount "67"]
[TimeControl "1800+10"]

1. d4 d5 2. c4 e6 3. Nc3 Nf6 4. cxd5 exd5 5. Bg5 Bb4 6. e3 O-O 7. Bd3 h6 8.
Bh4 Nc6 9. Ne2 Bg4 10. f3 Be6 11. a3 Bxc3+ 12. Nxc3 a6 13. O-O b5 14. b4
Qd7 15. Bxf6 gxf6 16. f4 Bg4 17. Qe1 h5 18. Qg3 Kh8 19. h3 Bf5 20. Be2 Rg8
21. Qh4 Rg7 22. Qxf6 Rg8 23. Kh2 Kh7 24. Bf3 Ne7 25. Qh4 Kh8 26. g4 Bd3 27.
Qxh5+ Rh7 28. Qe5+ Rgg7 29. Rg1 Ng6 30. Qxd5 Qxd5 31. Nxd5 Rh6 32. Nxc7
Rgh7 33. Rg3 Ne7 34. Rd1 { Black forfeits on time } 1-0

[Event "ICC tourney 2467 (30 10)"]
[Site "Internet Chess Club"]
[Date "2021.03.21"]
[Round "3"]
[White "IVANOV, ALEXANDER:marble"]
[Black "Volkov, Sergey:Volkov"]
[Result "1/2-1/2"]
[ICCResult "Game drawn by mutual agreement"]
[WhiteElo "2506"]
[BlackElo "2607"]
[Opening "French: Tarrasch, closed variation"]
[ECO "C05"]
[NIC "FR.16"]
[Time "15:02:29"]
[PlyCount "79"]
[TimeControl "1800+10"]

1. e4 e6 2. d4 d5 3. Nd2 Nf6 4. e5 Nfd7 5. c3 c5 6. f4 Nc6 7. Ndf3 Qb6 8.
g3 a5 9. Ne2 a4 10. Bh3 cxd4 11. cxd4 a3 12. bxa3 Bxa3 13. O-O O-O 14. Qd3
Qa6 15. Qxa6 Rxa6 16. Bxa3 Rxa3 17. f5 exf5 18. Bxf5 g6 19. e6 gxf5 20.
exd7 Bxd7 21. Nf4 Be6 22. Rab1 Rb8 23. Rf2 b5 24. Rb3 Ra4 25. Rd2 Na5 26.
Rb1 Nc4 27. Re2 Rb6 28. Ng5 Na3 29. Rc1 Rc4 30. Rd1 Rcc6 31. Rde1 Nc2 32.
Rd1 Ra6 33. Ngxe6 fxe6 34. Nxe6 Rxa2 35. Nf4 Rd6 36. Re8+ Kf7 37. Rb8 b4
38. Rb7+ Ke8 39. Rd2 Rd7 40. Rb5 { Game drawn by mutual agreement } 1/2-1/2

[Event "ICC tourney 2467 (30 10)"]
[Site "Internet Chess Club"]
[Date "2021.03.21"]
[Round "3"]
[White "Wang, Luke:HostilePear"]
[Black "FILIPOVICH, DAVID MICHAEL:dmfcan"]
[Result "0-1"]
[ICCResult "White resigns"]
[WhiteElo "1969"]
[BlackElo "2150"]
[Opening "English: symmetrical, Botvinnik system reversed"]
[ECO "A37"]
[NIC "EO.28"]
[Time "15:02:39"]
[PlyCount "78"]
[TimeControl "1800+10"]

1. c4 g6 2. g3 Bg7 3. Bg2 c5 4. Nf3 Nc6 5. Nc3 e5 6. O-O Nge7 7. d3 O-O 8.
Rb1 d6 9. a3 a5 10. Ne1 Be6 11. Nc2 d5 12. cxd5 Nxd5 13. Ne3 Nxe3 14. Bxe3
Qe7 15. Nd5 Bxd5 16. Bxd5 Nd4 17. Rc1 Rfd8 18. Bg2 Rac8 19. Rc3 c4 20. Bxd4
Rxd4 21. Qc2 b5 22. b3 Qxa3 23. bxc4 Qc5 24. Rc1 b4 25. Rb3 a4 26. Rbb1 b3
27. Qc3 Rb8 28. e3 Rd7 29. Rd1 Rc7 30. Be4 Kh8 31. Kg2 f5 32. Bf3 e4 33. d4
exf3+ 34. Kxf3 Qxc4 35. Qxc4 Rxc4 36. d5 a3 37. d6 b2 38. d7 Bf6 39. Rd2
Rc1 { White resigns } 0-1

[Event "ICC tourney 2467 (30 10)"]
[Site "Internet Chess Club"]
[Date "2021.03.21"]
[Round "3"]
[White "PANG, ASHLEY:redhawk2020"]
[Black "WANG, ALEXANDER J:ickyquarter"]
[Result "0-1"]
[ICCResult "White checkmated"]
[WhiteElo "1955"]
[BlackElo "2077"]
[Opening "Sicilian: Canal-Sokolsky attack, 3...Bd7"]
[ECO "B52"]
[NIC "SI.01"]
[Time "15:02:33"]
[PlyCount "78"]
[TimeControl "1800+10"]

1. e4 c5 2. Nf3 d6 3. Bb5+ Bd7 4. Bxd7+ Qxd7 5. O-O Nc6 6. c4 g6 7. Nc3 Bg7
8. Re1 Nd4 9. d3 e6 10. Be3 Ne7 11. Bxd4 cxd4 12. Nb5 Nc6 13. Qa4 a6 14.
Rac1 Rc8 15. Na3 O-O 16. c5 dxc5 17. Rxc5 Rfd8 18. Rec1 Bf8 19. R5c2 b5 20.
Qxa6 Nb4 21. Qxc8 Rxc8 22. Rxc8 Nxd3 23. R1c7 Qd6 24. Rb7 Kg7 25. Rcc7 Kg8
26. Nxb5 Qf4 27. Nbxd4 Qxe4 28. Nc2 Nc5 29. Rb4 Qxc2 30. g3 Qd1+ 31. Kg2
Nd3 32. Rbb7 Qe2 33. Rxf7 Qxf2+ 34. Kh3 Qf1+ 35. Kh4 Qe2 36. Kh3 Nf2+ 37.
Kh4 Qe4+ 38. Kg5 h6+ 39. Kf6 Qf5# { White checkmated } 0-1

[Event "ICC tourney 2467 (30 10)"]
[Site "Internet Chess Club"]
[Date "2021.03.21"]
[Round "3"]
[White "CHONG, JOSHUA ETHAN:Joshua1"]
[Black "KATSMAN, DAVID:davika21"]
[Result "1/2-1/2"]
[ICCResult "Game drawn by repetition"]
[WhiteElo "1849"]
[BlackElo "1884"]
[Opening "QGD: exchange, positional line"]
[ECO "D35"]
[NIC "QO.16"]
[Time "15:02:37"]
[PlyCount "73"]
[TimeControl "1800+10"]

1. d4 d5 2. c4 e6 3. Nc3 Nf6 4. cxd5 exd5 5. Bg5 Be7 6. e3 c6 7. Bd3 O-O 8.
Nge2 Nbd7 9. O-O Re8 10. Qc2 Nf8 11. f3 g6 12. e4 dxe4 13. fxe4 Ne6 14.
Bxf6 Bxf6 15. d5 Nc5 16. Bc4 Bg4 17. dxc6 bxc6 18. Rad1 Qe7 19. Rf4 Be6 20.
Bxe6 Nxe6 21. Rf2 Qc5 22. Rf1 Nd4 23. Qb1 Nxe2+ 24. Nxe2 Re7 25. Kh1 Bd4
26. b4 Qe5 27. Nxd4 Qxd4 28. Qb3 Rf8 29. Rf4 Kg7 30. h4 h5 31. a3 Qe5 32.
Qc4 Qe6 33. Qd4+ Qe5 34. Qc4 Qe6 35. Qd4+ Kh7 36. Qc5 Kg7 37. Qd4+ { Game
drawn by repetition } 1/2-1/2

[Event "ICC tourney 2467 (30 10)"]
[Site "Internet Chess Club"]
[Date "2021.03.21"]
[Round "3"]
[White "Vittal, Sanjana:MCTS13"]
[Black "Ulrich, Susanna G:thetornado"]
[Result "0-1"]
[ICCResult "White resigns"]
[WhiteElo "2196"]
[BlackElo "2168"]
[Opening "Caro-Kann: two knights, 3...Bg4"]
[ECO "B11"]
[NIC "CK.01"]
[Time "15:02:30"]
[PlyCount "112"]
[TimeControl "1800+10"]

1. e4 c6 2. Nc3 d5 3. Nf3 Bg4 4. h3 Bxf3 5. Qxf3 e6 6. Be2 Nf6 7. d3 Nbd7
8. g4 h6 9. Bd2 Bb4 10. a3 Ba5 11. O-O-O d4 12. Nb1 Bxd2+ 13. Nxd2 Qa5 14.
Nc4 Qc5 15. Qg3 b5 16. Nd2 b4 17. a4 b3 18. Nxb3 Qb4 19. a5 Rb8 20. g5 hxg5
21. Qxg5 Rb5 22. Qd2 Qa4 23. Kb1 Nc5 24. Nxc5 Rxc5 25. b3 Qa3 26. Qc1 Qxa5
27. Qd2 Qa3 28. Qc1 Qb4 29. Qd2 Rc3 30. Qc1 Kd7 31. Rd2 Rb8 32. Rg1 g6 33.
Rg5 a5 34. Bd1 a4 35. Qb2 axb3 36. cxb3 Ke7 37. Qa2 Nd7 38. Rg3 Nc5 39. Rb2
Nxd3 40. Qa7+ Rb7 41. Qa6 Nxb2 42. Kxb2 Rxg3 43. fxg3 Qb5 44. Qxb5 Rxb5 45.
h4 Kd6 46. g4 Ke5 47. h5 gxh5 48. gxh5 Kxe4 49. Kc2 d3+ 50. Kd2 Rg5 51. h6
Rg2+ 52. Kc1 Rh2 53. b4 Ke3 54. h7 Rxh7 55. Kb2 Rh1 56. Ba4 d2 { White
resigns } 0-1

[Event "ICC tourney 2467 (30 10)"]
[Site "Internet Chess Club"]
[Date "2021.03.21"]
[Round "3"]
[White "YE, LUKE SICONG:lukeye"]
[Black "BAGCHI, SOUNAK:Chesssaga"]
[Result "1/2-1/2"]
[ICCResult "Black stalemated"]
[WhiteElo "2059"]
[BlackElo "1967"]
[Opening "Sicilian: Hungarian variation"]
[ECO "B27"]
[NIC "SI.43"]
[Time "15:03:00"]
[PlyCount "213"]
[TimeControl "1800+10"]

1. e4 c5 2. Nf3 g6 3. d4 cxd4 4. Qxd4 Nf6 5. Nc3 Nc6 6. Qa4 d6 7. e5 dxe5
8. Nxe5 Bd7 9. Nxd7 Qxd7 10. Be3 Bg7 11. Rd1 Qc7 12. Be2 O-O 13. O-O a6 14.
Ne4 b5 15. Nxf6+ Bxf6 16. Qb3 Na5 17. Qb4 Nc4 18. Bxc4 bxc4 19. Bd4 Rab8
20. Qc3 Bxd4 21. Rxd4 Qb7 22. Rb1 Rfd8 23. Qxc4 Rdc8 24. Qd3 Qc6 25. c4 e5
26. Rd5 Qa4 27. a3 Qb3 28. Qxb3 Rxb3 29. c5 e4 30. Kf1 Kg7 31. Ke1 Rcb8 32.
Rd4 Rxb2 33. Rxb2 Rxb2 34. Rxe4 Rc2 35. Ra4 Rxc5 36. Rxa6 Rc2 37. a4 Ra2
38. a5 g5 39. Ra8 Kg6 40. g4 h5 41. gxh5+ Kxh5 42. a6 Kg4 43. Rf8 Rxa6 44.
Rxf7 Kh5 45. f3 Kg6 46. Re7 Ra4 47. Kf2 Rb4 48. Kg3 Kf5 49. Re4 Rb3 50. Ra4
Rb5 51. Ra8 Rb4 52. Rf8+ Kg6 53. Rc8 Kf5 54. Rc5+ Kg6 55. Re5 Kf6 56. Re4
Rb2 57. h3 Kf5 58. Rc4 Rb1 59. Rc5+ Kg6 60. Ra5 Rg1+ 61. Kf2 Rb1 62. Kg2
Rb2+ 63. Kg3 Rb1 64. h4 gxh4+ 65. Kxh4 Rb4+ 66. Kg3 Rb3 67. Kg4 Rb6 68.
Rg5+ Kf7 69. Rh5 Kg7 70. f4 Kf7 71. Rh7+ Kf8 72. Kg5 Ra6 73. f5 Rb6 74. Ra7
Rc6 75. Ra8+ Kf7 76. Rh8 Kg7 77. Re8 Kf7 78. Rd8 Ra6 79. Rd7+ Kf8 80. Kf4
Ra4+ 81. Ke5 Ra5+ 82. Ke6 Ra6+ 83. Ke5 Ra5+ 84. Kf6 Ra6+ 85. Kg5 Rb6 86.
Ra7 Rc6 87. Kf4 Rb6 88. Ke5 Rb5+ 89. Kf6 Rb6+ 90. Kg5 Rc6 91. Rh7 Ra6 92.
Rh3 Rb6 93. Re3 Kf7 94. Rc3 Ra6 95. Rc7+ Kf8 96. Rh7 Kg8 97. Re7 Kf8 98.
Rh7 Rb6 99. Rh2 Ra6 100. Rg2 Rb6 101. Kh5 Kf7 102. Rg6 Rxg6 103. fxg6+ Kg7
104. Kg5 Kg8 105. Kh6 Kh8 106. g7+ Kg8 107. Kg6 { Black stalemated }
1/2-1/2

[Event "ICC tourney 2467 (30 10)"]
[Site "Internet Chess Club"]
[Date "2021.03.21"]
[Round "4"]
[White "KERR, JOSHUA MORGAN:AbleCompany"]
[Black "Wang, Luke:HostilePear"]
[Result "1-0"]
[ICCResult "Black resigns"]
[WhiteElo "1673"]
[BlackElo "1969"]
[Opening "Caro-Kann: advance variation"]
[ECO "B12"]
[NIC "CK.04"]
[Time "17:01:31"]
[PlyCount "41"]
[TimeControl "1800+10"]

1. e4 c6 2. d4 d5 3. e5 Bf5 4. Nf3 e6 5. Be2 Nd7 6. O-O c5 7. c4 cxd4 8.
cxd5 exd5 9. Qxd4 Ne7 10. Bg5 Nb6 11. Bb5+ Bd7 12. Nc3 Nf5 13. Qf4 Ne7 14.
e6 f6 15. exd7+ Nxd7 16. Bxf6 gxf6 17. Qxf6 Rg8 18. Ne5 Qc7 19. Bxd7+ Kd8
20. Nxd5 Qc5 21. Nf4 { Black resigns } 1-0

[Event "ICC tourney 2467 (30 10)"]
[Site "Internet Chess Club"]
[Date "2021.03.21"]
[Round "4"]
[White "REMPE, JONAS JAKOB RAZA:Drachekokosnuss"]
[Black "POWER, SEAN KEE:KnightHopper"]
[Result "1/2-1/2"]
[ICCResult "Game drawn by mutual agreement"]
[WhiteElo "2100"]
[BlackElo "2012"]
[Opening "Scandinavian defense"]
[ECO "B01"]
[NIC "SD.03"]
[Time "17:01:46"]
[PlyCount "85"]
[TimeControl "1800+10"]

1. e4 d5 2. exd5 Nf6 3. Nf3 Bg4 4. Be2 Qxd5 5. d4 Nc6 6. Be3 O-O-O 7. Nbd2
e6 8. O-O Bd6 9. c4 Qh5 10. h3 Bxh3 11. Ne5 Qf5 12. Bd3 Bg4 13. Bxf5 Bxd1
14. Raxd1 Nxe5 15. dxe5 Bxe5 16. Bc2 Bxb2 17. Rb1 Bd4 18. Ne4 Nxe4 19. Bxe4
c6 20. Rfd1 e5 21. Bxd4 exd4 22. Rd3 g6 23. Rbd1 f5 24. Bf3 c5 25. Ra3 Kb8
26. Rb3 b6 27. a4 Rhe8 28. a5 Rd6 29. axb6 Rxb6 30. Rxb6+ axb6 31. Ra1 Re7
32. Ra8+ Kc7 33. Ra7+ Kd6 34. Rxe7 Kxe7 35. Bd5 h6 36. Kf1 Kd6 37. Bf7 g5
38. Ke2 Ke5 39. Kd3 Kf4 40. Bh5 g4 41. Bg6 Kg5 42. Be8 Kf4 43. Bh5 { Game
drawn by mutual agreement } 1/2-1/2

[Event "ICC tourney 2467 (30 10)"]
[Site "Internet Chess Club"]
[Date "2021.03.21"]
[Round "4"]
[White "WANG, ALEXANDER J:ickyquarter"]
[Black "YANG, KAIQI:YKQ"]
[Result "0-1"]
[ICCResult "White resigns"]
[WhiteElo "2077"]
[BlackElo "2531"]
[Opening "French: Schlechter variation"]
[ECO "C01"]
[NIC "FR.01"]
[Time "17:01:21"]
[PlyCount "64"]
[TimeControl "1800+10"]

1. e4 e6 2. d4 d5 3. Bd3 dxe4 4. Bxe4 Nf6 5. Bf3 c5 6. Ne2 Nc6 7. Be3 Nd5
8. Bxd5 Qxd5 9. O-O cxd4 10. Nxd4 Nxd4 11. Qxd4 Qxd4 12. Bxd4 f6 13. f4 Bd7
14. Nc3 Kf7 15. Rad1 Bc6 16. Rfe1 Be7 17. Kf2 h5 18. a3 b5 19. Ne4 Rhd8 20.
Nc5 Rxd4 21. Rxd4 Bxc5 22. c3 Rd8 23. Kf1 Bxd4 24. cxd4 Rxd4 25. Rc1 Rc4
26. Rd1 Rxf4+ 27. Kg1 Bd5 28. Rd2 h4 29. h3 a5 30. Rc2 Rc4 31. Rd2 g5 32.
Kh2 Kg6 { White resigns } 0-1

[Event "ICC tourney 2467 (30 10)"]
[Site "Internet Chess Club"]
[Date "2021.03.21"]
[Round "4"]
[White "POTHURI, ABHIRAM:chessasp"]
[Black "YE, LUKE SICONG:lukeye"]
[Result "0-1"]
[ICCResult "White checkmated"]
[WhiteElo "1980"]
[BlackElo "2059"]
[Opening "Sicilian: Najdorf, Byrne (English) attack"]
[ECO "B90"]
[NIC "SI.14"]
[Time "17:01:33"]
[PlyCount "142"]
[TimeControl "1800+10"]

1. e4 c5 2. Nf3 d6 3. d4 cxd4 4. Nxd4 Nf6 5. Nc3 a6 6. Be3 e6 7. f3 h5 8.
Qd2 Be7 9. Be2 b5 10. O-O-O b4 11. Nb1 e5 12. Nb3 a5 13. Qe1 Be6 14. f4
Nbd7 15. f5 Bxb3 16. axb3 Qc7 17. Bc4 O-O 18. Nd2 a4 19. Kb1 Qa5 20. Bd3
Nc5 21. Nc4 Qc7 22. Bxc5 Qxc5 23. h3 Ra7 24. g4 Nd7 25. gxh5 Bg5 26. h6
Bxh6 27. Rg1 Nb6 28. Qh4 Kh7 29. Rg4 Nxc4 30. Bxc4 axb3 31. cxb3 Rfa8 32.
Kc2 Ra1 33. Rgg1 Qxg1 34. Rxg1 Rxg1 35. Bxf7 Rg2+ 36. Kd3 Rc8 37. Qe1 Rcc2
38. Bg6+ Kh8 39. Qxb4 Rgd2+ 40. Qxd2 Rxd2+ 41. Kc4 Rd4+ 42. Kb5 Bd2 43. Kc6
Bb4 44. Kd7 Rd3 45. h4 Kg8 46. Ke8 Kh8 47. h5 Rxb3 48. h6 gxh6 49. f6 Rf3
50. f7 Kg7 51. Bf5 d5 52. b3 dxe4 53. Bxe4 Rxf7 54. Bd5 Re7+ 55. Kd8 e4 56.
Bc4 e3 57. Be2 Rf7 58. Bc4 Rf2 59. Kd7 e2 60. Bxe2 Rxe2 61. Kc6 h5 62. Kb5
Re4 63. Ka4 h4 64. Kb5 h3 65. Ka4 h2 66. Kb5 h1=Q 67. Ka4 Qa1+ 68. Kb5 Qe5+
69. Kc6 Qd6+ 70. Kb7 Re7+ 71. Kc8 Qc7# { White checkmated } 0-1

[Event "ICC tourney 2467 (30 10)"]
[Site "Internet Chess Club"]
[Date "2021.03.21"]
[Round "4"]
[White "KHAN, SAMI SHARAF:sami786"]
[Black "CARTER, DAVID E:CARTERD253"]
[Result "0-1"]
[ICCResult "White checkmated"]
[WhiteElo "1014"]
[BlackElo "2137"]
[Opening "Czech Benoni defense"]
[ECO "A56"]
[NIC "OI.05"]
[Time "17:01:26"]
[PlyCount "62"]
[TimeControl "1800+10"]

1. d4 Nf6 2. c4 c5 3. d5 e5 4. Nc3 d6 5. e4 Be7 6. Nge2 Nh5 7. Ng3 Nf4 8.
Bxf4 exf4 9. Nh5 g5 10. Ng7+ Kf8 11. Nf5 Bxf5 12. exf5 Kg7 13. Qg4 h5 14.
Qf3 Bf6 15. Rg1 Nd7 16. Kd2 g4 17. Qd1 Bxc3+ 18. bxc3 Ne5 19. Kc2 Qg5 20.
Bd3 Nxd3 21. Qxd3 Kf6 22. Rab1 b6 23. a4 Rhe8 24. a5 Qxf5 25. Qxf5+ Kxf5
26. axb6 axb6 27. Rxb6 Re2+ 28. Kd3 Raa2 29. Rd1 Rxf2 30. Rxd6 Rae2 31. Re1
Rd2# { White checkmated } 0-1

[Event "ICC tourney 2467 (30 10)"]
[Site "Internet Chess Club"]
[Date "2021.03.21"]
[Round "4"]
[White "CHONG, JOSHUA ETHAN:Joshua1"]
[Black "MUVVA, ABHINAV:Siritnt"]
[Result "1-0"]
[ICCResult "Black checkmated"]
[WhiteElo "1849"]
[BlackElo "907"]
[Opening "QGD: exchange variation"]
[ECO "D35"]
[NIC "QO.16"]
[Time "17:01:43"]
[PlyCount "51"]
[TimeControl "1800+10"]

1. d4 d5 2. c4 e6 3. Nc3 Nf6 4. cxd5 Nxd5 5. e4 Nxc3 6. bxc3 Nc6 7. Bd3 Be7
8. Nf3 O-O 9. O-O b6 10. Qc2 Bb7 11. e5 g6 12. Bh6 Re8 13. Nd2 Bg5 14. Bxg5
Qxg5 15. Ne4 Qe7 16. Nf6+ Kh8 17. Nxe8 Rxe8 18. Be4 Qg5 19. f4 Qe7 20. Rae1
a5 21. Re3 Kg8 22. Rg3 Rf8 23. Qe2 h5 24. Qxh5 f6 25. Qxg6+ Qg7 26. Qxg7# {
Black checkmated } 1-0

[Event "ICC tourney 2467 (30 10)"]
[Site "Internet Chess Club"]
[Date "2021.03.21"]
[Round "4"]
[White "Higgins, Sean M:higg1921"]
[Black "PANG, ASHLEY:redhawk2020"]
[Result "0-1"]
[ICCResult "White resigns"]
[WhiteElo "1421"]
[BlackElo "1955"]
[Opening "Sicilian: Smith-Morra gambit"]
[ECO "B21"]
[NIC "SI.48"]
[Time "17:01:24"]
[PlyCount "76"]
[TimeControl "1800+10"]

1. e4 c5 2. d4 cxd4 3. c3 dxc3 4. Nxc3 Nc6 5. Bc4 e6 6. Bf4 d6 7. Nf3 Be7
8. O-O Nf6 9. Qe2 e5 10. Bg5 Bg4 11. Qd3 a6 12. Bxf6 Bxf6 13. Nd5 O-O 14.
Nxf6+ Qxf6 15. Ne1 Nd4 16. Nc2 Be2 17. Qc3 Bxf1 18. Kxf1 Nxc2 19. Qxc2 Rac8
20. Qd3 b5 21. Bd5 Rc7 22. a4 bxa4 23. Qxa6 Rfc8 24. Qxa4 g6 25. Bb3 Qf4
26. g3 Qf3 27. Ke1 Qd3 28. Rd1 Rc1 29. Rxc1 Rxc1+ 30. Bd1 Rc4 31. Qe8+ Kg7
32. Qa8 Rxe4+ 33. Qxe4 Qxe4+ 34. Kf1 Qh1+ 35. Ke2 Qxh2 36. b3 Qg2 37. Bc2
Qc6 38. Bd3 e4 { White resigns } 0-1

[Event "ICC tourney 2467 (30 10)"]
[Site "Internet Chess Club"]
[Date "2021.03.21"]
[Round "4"]
[White "FILIPOVICH, DAVID MICHAEL:dmfcan"]
[Black "IVANOV, ALEXANDER:marble"]
[Result "0-1"]
[ICCResult "White forfeits on time"]
[WhiteElo "2150"]
[BlackElo "2506"]
[Opening "Réti opening"]
[ECO "A04"]
[NIC "QP.11"]
[Time "17:01:31"]
[PlyCount "54"]
[TimeControl "1800+10"]

1. Nf3 g6 2. d4 Bg7 3. c3 Nf6 4. Bg5 d6 5. Nbd2 Nbd7 6. e3 h6 7. Bh4 O-O 8.
Be2 e5 9. O-O Qe7 10. dxe5 dxe5 11. Bxf6 Nxf6 12. e4 b6 13. Qc2 Bb7 14. a4
a5 15. Bc4 Nd7 16. Rfe1 Kh8 17. Nf1 Nc5 18. N3d2 Rad8 19. Ne3 f5 20. exf5
gxf5 21. Nb3 Be4 22. Qe2 Nd3 23. Red1 Nf4 24. Qf1 Qg5 25. Nd2 Rxd2 26. Rxd2
Nxg2 27. f4 Nxf4+ { White forfeits on time } 0-1